 Dungeon Crawl Stone Soup version 0.26.1-11-gd32895ea62 (webtiles) character file.

Game seed: 1452872331592108434

13795 Destapler the Blocker (level 11, -6/104 HPs)
             Began as a Minotaur Fighter on July 1, 2021.
             Was a High Priest of Okawaru.
             Shot with an arrow by Nessos (15 damage)
             ... on level 11 of the Dungeon on July 2, 2021.
             The game lasted 00:42:22 (11617 turns).

Destapler the Blocker (Minotaur Fighter)           Turns: 11617, Time: 00:42:23

Health: -6/104     AC:  0    Str: 23    XL:     11   Next: 80%
Magic:  10/10      EV: 17    Int:  5    God:    Okawaru [*****.]
Gold:   862        SH:  0    Dex: 16    Spells: 10/10 levels left

rFire    . . .     SeeInvis .   (weapon currently unavailable)
rCold    . . .     Faith    .   (shield currently unavailable)
rNeg     . . .     Spirit   .   (armour currently unavailable)
rPois    .         Reflect  .   (helmet currently unavailable)
rElec    .         Harm     .   (cloak currently unavailable)
rCorr    .         Rampage  .   (gloves currently unavailable)
Will     .....                  (boots currently unavailable)
Stlth    +.........             b - amulet of regeneration
HPRegen  0.67/turn              (ring currently unavailable)
MPRegen  0.12/turn              (ring currently unavailable)

@: lethally poisoned (-6 -> -6), bat-form, flying, very quick
A: tiny, (retaliatory headbutt)
a: Stop Flying, Renounce Religion, Heroism, Finesse


You were on level 11 of the Dungeon.
You worshipped Okawaru.
Okawaru was extremely pleased with you.
You were in bat-form.
You visited 2 branches of the dungeon, and saw 13 of its levels.
You also visited: Ossuary.

You collected 862 gold pieces.

Inventory:

Hand Weapons
 x - a +2 hand axe of draining (melded)
 K - a +1 dagger of electrocution
Missiles
 h - 51 poisoned darts (quivered)
 A - 6 boomerangs
 I - a throwing net
Armour
 a - a +3 leather armour
 c - a +0 kite shield (melded)
 w - a +0 hat (melded)
 D - a +1 leather armour of cold resistance
 L - +0 acid dragon scales (melded)
 T - a +0 cloak (melded)
Jewellery
 b - an amulet of regeneration (around neck)
 e - a +6 ring of dexterity (melded)
 u - an uncursed ring of ice
 C - an uncursed ring of fire
 F - an uncursed ring of protection from cold
 H - an uncursed ring of magical power {unknown}
 J - an uncursed ring of poison resistance
 R - a ring of see invisible (melded)
Wands
 d - a wand of enslavement (9)
 l - a wand of flame (26)
 r - a wand of acid (20)
 y - a wand of paralysis (8)
 B - a wand of iceblast (3)
 Q - a wand of disintegration (8)
Scrolls
 f - 11 scrolls of teleportation
 g - 2 scrolls of identify
 i - 3 scrolls of enchant armour
 j - 2 scrolls of fog {unknown}
 o - a scroll of brand weapon {unknown}
 p - a scroll of fear
 q - 4 scrolls of magic mapping {unknown}
 s - 2 scrolls of enchant weapon
 t - 4 scrolls of remove curse
 G - a scroll of vulnerability {unknown}
Potions
 k - a potion of curing
 m - 2 potions of mutation
 n - a potion of heal wounds
 v - a potion of cancellation {unknown}
 z - a potion of berserk rage
 E - a potion of magic
 M - a potion of might
 N - a potion of lignification
 P - a potion of haste
 S - 3 potions of attraction


   Skills:
 + Level 11.8 Fighting
 + Level 11.0(11.3) Axes
 - Level 3.7(8.1) Maces & Flails
 + Level 11.8 Armour
 + Level 11.9 Shields


You had 10 spell levels left.
You didn't know any spells.
Your spell library contained the following spells:

 Spells                   Type           Power        Failure   Level
 Animate Skeleton         Necr           0%           47%         1
 Magic Dart               Conj           0%           47%         1
 Pain                     Necr           0%           47%         1
 Blink                    Tloc           N/A          63%         2
 Call Imp                 Summ           0%           63%         2
 Slow                     Hex            0%           63%         2
 Conjure Flame            Conj/Fire      0%           85%         3
 Mephitic Cloud           Conj/Pois/Air  0%           85%         3
 Vampiric Draining        Necr           0%           85%         3
 Animate Dead             Necr           0%           99%         4
 Agony                    Necr           0%           100%        5
 Irradiate                Conj/Tmut      0%           100%        5
 Hydra Form               Tmut           0%           100%        6
 Statue Form              Tmut/Erth      0%           100%        6
 Dragon Form              Tmut           0%           100%        7


Dungeon Overview and Level Annotations

Branches:
Dungeon (12/15)            Temple (1/1) D:7            Lair (0/6) D:9
    Orc (0/2) D:9         Ossuary (visited)

Altars:
Elyvilon
Gozag
Kikubaaqudgha
Makhleb
Okawaru
Ru
Wu Jian
Zin

Shops:
D:4 =   D:6 !([:   D:8 [

Portals:
Abyss: D:7

Annotations:
D:7 2 transporters, kthxbai's ghost, novice DgTm
D:8 3 runed translucent doors, ymhsbmbesitwf's ghost, novice GnWn
D:11 Nessos


Innate Abilities, Weirdness & Mutations

((You reflexively headbutt those who attack you in melee.))
((You have a pair of horns on your head.))


Message History

Nessos hits you!
You hit Nessos but do no damage.
Nessos is moderately wounded.
Nessos hits you!
* * * LOW HITPOINT WARNING * * *
Nessos misses you. Nessos hits you!
* * * LOW HITPOINT WARNING * * *
You fly upwards.
There is a stone staircase leading down here.
Nessos wields a +2 longbow of flaming.
It bursts into flame!
Nessos shoots an arrow.
The arrow misses you.
Nessos shoots an arrow.
The arrow hits you!!
* * * LOW HITPOINT WARNING * * *
The arrow burns you.
You are poisoned.
* * * LOW HITPOINT WARNING * * *
You see here an arrow.
You feel sick.
You feel sick.
Nessos shoots an arrow.
The arrow hits you!
You die...

#....###.##.####.........#
####....................#######
######.#.####..............#
#####...## #..............#
#........#######..........#
#......>..................#
####.).....c#######..........#
#.......<..(.................#
#.......>(....b..............#
#......#####...............###
#......# #............)..#
#......# #...............#
#......# #...............#
#......# ######..........#
######## ############


You could see Nessos (fast).

Vanquished Creatures
  Erolcha (D:10)
  A centaur warrior (D:8)
  2 two-headed ogres
  A queen ant (D:8)
  A shadow wraith (D:8)
  Maurice (D:9)
  A gargoyle (D:10)
  Psyche (D:10)
  A komodo dragon (D:9)
  A slime creature (D:8)
  Sigmund (D:5)
  A shadow (D:11)
  10 yaks
  A basilisk (D:8)
  Eustachio (D:4)
  6 soldier ants (D:8)
  Menkaure (D:4)
  An acid dragon (D:11)
  A water moccasin (D:10)
  3 orc warriors
  A sky beast (D:11)
  3 phantoms
  2 eyes of draining
  A black bear (D:6)
  A necrophage (D:7)
  4 ogres
  3 centaurs
  2 elf zombies (D:6)
  5 bullfrogs
  A wyvern zombie (D:9)
  2 elf skeletons (D:6)
  11 scorpions
  7 wights
  3 howler monkeys
  A centaur zombie (Ossuary)
  4 bullfrog zombies
  8 hounds
  3 jellies
  6 orc wizards (D:9)
  8 orc priests
  A bullfrog skeleton (D:6)
  3 human zombies (Ossuary)
  3 centaur skeletons
  4 human skeletons (D:6)
  Ijyb (D:5)
  3 iguanas
  27 worker ants
  A killer bee zombie (D:9)
  2 big kobold zombies (Ossuary)
  A hound skeleton (D:7)
  3 mummies (Ossuary)
  4 worker ant zombies
  10 adders
  10 gnolls
  3 scorpion zombies (Ossuary)
  A shadow imp (D:10)
  A white imp (D:6)
  2 ufetubi
  3 oozes
  2 adder skeletons
  5 worms
  6 dart slugs
  3 leopard geckos
  40 orcs
  2 ball pythons
  2 giant cockroaches (D:1)
  2 gnoll zombies (Ossuary)
  6 goblins
  10 hobgoblins
  9 jackals
  7 kobolds
  3 quokkas
  A ball python skeleton (D:4)
  10 bats
  3 frilled lizards (D:2)
  A goblin zombie (Ossuary)
  5 hobgoblin zombies (Ossuary)
  A jackal skeleton (D:4)
  A kobold zombie (Ossuary)
  2 leopard gecko zombies
  5 orc zombies
  A quokka zombie (D:5)
  5 rats
328 creatures vanquished.

Vanquished Creatures (others)
  A quokka (D:5)
  29 fungi (D:9)
  15 plants
  5 withered plants (D:5)
50 creatures vanquished.

Grand Total: 378 creatures vanquished

Notes
Turn   | Place    | Note
-------+----------+-------------------------------------------
     0 | D:1      | Destapler the Minotaur Fighter began the quest for the Orb.
     0 | D:1      | Reached XP level 1. HP: 19/19 MP: 0/0
   239 | D:1      | Reached XP level 2. HP: 27/27 MP: 1/1
   527 | D:1      | Reached XP level 3. HP: 28/33 MP: 2/2
  1316 | D:2      | Reached XP level 4. HP: 40/41 MP: 3/3
  2185 | D:3      | Found an ornate altar of the Wu Jian Council.
  2856 | D:3      | Reached XP level 5. HP: 36/47 MP: 4/4
  2937 | D:4      | Reached skill level 1 in Axes
  2999 | D:4      | Noticed a centaur
  3012 | D:4      | Reached skill level 5 in Fighting
  3012 | D:4      | Reached skill level 5 in Armour
  3012 | D:4      | Reached skill level 5 in Shields
  3013 | D:4      | Killed a centaur
  3014 | D:4      | Reached XP level 6. HP: 38/56 MP: 5/5
  3128 | D:4      | Found Pioh's Jewellery Shoppe.
  3480 | D:4      | Found a sacrificial altar of Ru.
  3511 | D:4      | Noticed Menkaure
  3525 | D:4      | Killed Menkaure
  3526 | D:4      | Reached XP level 7. HP: 29/62 MP: 6/6
  3710 | D:4      | Noticed Eustachio
  3718 | D:4      | Killed Eustachio
  3907 | D:5      | Entered Level 5 of the Dungeon
  4109 | D:5      | Reached XP level 8. HP: 71/71 MP: 7/7
  4229 | D:5      | Noticed Ijyb
  4242 | D:5      | Killed Ijyb
  4370 | D:5      | Noticed Sigmund
  4390 | D:5      | Killed Sigmund
  4391 | D:5      | Reached skill level 5 in Axes
  5012 | D:6      | Found Tituhak's Distillery.
  5064 | D:6      | Found Haz Sydy's Antique Weapon Shop.
  5078 | D:6      | Found Udungyca's Antique Armour Boutique.
  5139 | D:6      | Found Qoarruz's Book Shoppe.
  5232 | D:6      | Reached XP level 9. HP: 81/81 MP: 8/8
  5233 | D:6      | Found a sand-covered staircase.
  5248 | Ossuary  | Entered an ossuary
  6753 | D:7      | Found a staircase to the Ecumenical Temple.
  6771 | Temple   | Entered the Ecumenical Temple
  6776 | Temple   | Became a worshipper of Warmaster Okawaru
  6847 | D:7      | Found a burning altar of Makhleb.
  6896 | D:7      | Found a transporter.
  6899 | D:7      | Noticed a brown ugly thing
  6899 | D:7      | Identified the +2 long sword of Power {distort, rF+}
  6996 | D:7      | Noticed kthxbai's ghost (novice DgTm)
  7024 | D:7      | Found a one-way gate to the infinite horrors of the Abyss.
  7035 | D:7      | Noticed a toenail golem
  7036 | D:7      | Found a transporter.
  7314 | D:8      | Found Gecuano's Armour Boutique.
  7826 | D:8      | Noticed a queen ant
  7864 | D:8      | Killed a queen ant
  7864 | D:8      | Reached * piety under Okawaru
  7865 | D:8      | Reached XP level 10. HP: 25/91 MP: 9/9
  8166 | D:8      | Found a runed translucent gate.
  8166 | D:8      | Found a runed translucent gate.
  8166 | D:8      | Found a runed translucent gate.
  8168 | D:8      | Found an opulent altar of Gozag.
  8168 | D:8      | Noticed a catoblepas
  8169 | D:8      | Noticed ymhsbmbesitwf's ghost (novice GnWn)
  8310 | D:8      | Noticed a two-headed ogre
  8319 | D:8      | Killed a two-headed ogre
  8319 | D:8      | Reached ** piety under Okawaru
  8320 | D:8      | Reached skill level 10 in Fighting
  8320 | D:8      | Reached skill level 10 in Armour
  8320 | D:8      | Reached skill level 10 in Shields
  8495 | D:8      | Noticed a centaur warrior
  8507 | D:8      | Killed a centaur warrior
  8521 | D:8      | Killed a shadow wraith
  8521 | D:8      | Reached *** piety under Okawaru
  9007 | D:9      | Noticed a two-headed ogre
  9014 | D:9      | Reached XP level 11. HP: 81/101 MP: 10/10
  9021 | D:9      | Noticed Maurice
  9271 | D:9      | Reached skill level 10 in Axes
  9352 | D:9      | Killed a two-headed ogre
  9352 | D:9      | Reached **** piety under Okawaru
  9481 | D:9      | Found a staircase to the Lair.
  9503 | D:9      | Killed Maurice
  9673 | D:9      | Found a staircase to the Orcish Mines.
  9939 | D:10     | Entered Level 10 of the Dungeon
  9951 | D:10     | Noticed Erolcha
  9957 | D:10     | Killed Erolcha
 10040 | D:10     | Reached ***** piety under Okawaru
 10091 | D:10     | Noticed Psyche
 10111 | D:10     | Killed Psyche
 10918 | D:11     | Found an opulent altar of Gozag.
 11581 | D:12     | Noticed Nessos
 11617 | D:11     | Shot with an arrow by Nessos

Illustrated notes

Levels and vault maps discovered:
D:1:      mrwooster_arrival_arrow, layout_basic, minmay_ruptured
D:2:      layout_loops_corners
D:3:      layout_basic, pdpol_wu_jian_five_deadly_venoms,
          kennysheep_another_room, kennysheep_cluttered_room, st_stairs_1
D:4:      layout_basic, serial_shops, shop_statue, nicolae_ru_awakened_eye,
          uniq_eustachio, uniq_menkaure
D:5:      layout_loops_cross, serial_undead, serial_undead_e, serial_undead_f,
          serial_undead_b, serial_undead_d, serial_park_tiny_pond, uniq_sigmund,
          uniq_ijyb
D:6:      layout_layer_cave, serial_shops, nicolae_shop_stone,
          nicolae_shop_crystal, shop, nicolae_shop_trees,
          nicolae_ossuary_entry_catacombs, grunt_ministairs_15
D:7:      layout_loops_ring, makhleb_blood_cavern_becter,
          minmay_temple_entry_hall, gammafunk_ghost_abyssal_escape
D:8:      nzn_winding_woodlands_cross [nzn_winding_woodlands_5x15_lazy_stream,
          nzn_winding_woodlands_5x15_concentric,
          nzn_winding_woodlands_5x15_crooked, nzn_winding_woodlands_5x15_cabin,
          nzn_winding_woodlands_15x15_thick_spiral], layout_basic,
          ebering_ghost_gozag, serial_shops, nicolae_shop_crystal,
          minmay_another_anthill
D:9:      layout_rooms, grunt_lair_entry_orc_guard_hut, hiddenorc2_lemuel,
          chequers_serial_rivers_room_a, uniq_maurice
D:10:     layout_irregular_city, serial_column_ruins,
          column_ruins_corridor_dead_end, column_ruins_grid_1,
          column_ruins_columns_straight, column_ruins_columns_straight,
          column_ruins_grid_1, column_ruins_open_small, nrook_uturn,
          uniq_psyche, uniq_erolcha
D:11:     layout_basic, grunt_gozag_statues
D:12:     layout_basic, uniq_nessos, uniq_gastronok
Temple:   regret_index_temple_chain_breaker

Skill      XL: |  1  2  3  4  5  6  7  8  9 10 11 |
---------------+----------------------------------+-----
Fighting       | 4 5 6 8 9 10 11 | 11.8
Armour         | 4 5 6 7 9 10 11 | 11.8
Shields        | 4 5 6 7 9 10 11 | 11.9
Maces & Flails | 3 |  3.7
Axes           | 2 3 4 6 8 9 11 | 11.0

Action                   |  1- 3 |  4- 6 |  7- 9 | 10-12 || total
-------------------------+-------+-------+-------+-------++-------
Melee: Flail             |    86 |    55 |       |       ||   141
       Headbutt          |    19 |    26 |   126 |   152 ||   323
       Hand axe          |       |    76 |   412 |   442 ||   930
       Unarmed           |       |       |       |    10 ||    10
Throw: Dart              |       |       |     1 |     6 ||     7
Invok: Heroism           |       |       |       |     5 ||     5
  Use: Potion            |       |     2 |     1 |     5 ||     8
       Scroll            |       |       |    15 |     5 ||    20
 Stab: Sleeping          |       |       |       |     2 ||     2
Armor: Scale mail        |    22 |    42 |    71 |       ||   135
       Leather armour    |       |       |    13 |    50 ||    63
       Acid dragon scale |       |       |       |     2 ||     2
Dodge: Dodged            |    24 |    38 |    81 |    91 ||   234
Block: Kite shield       |    36 |    99 |   165 |   187 ||   487
